 Dungeon Crawl Stone Soup version 0.31.0-11-ge490571c62 (webtiles) character file.

Game seed: 4964877421037032513

4589 mandarbmax the Grappler (level 10, -14/94 HPs)
             Began as a Troll Shapeshifter on Jan 28, 2024.
             Was an Initiate of Gozag.
             Demolished by a red ugly thing (19 damage)
             ... on level 8 of the Dungeon.
             The game lasted 00:18:45 (6898 turns).

mandarbmax the Grappler (Troll Shapeshifter)        Turns: 6898, Time: 00:18:45

Health: -14/94     AC:  6    Str: 28    XL:     10   Next: 18%
Magic:  9/9        EV: 10    Int: 12    God:    Gozag
Gold:   1038       SH:  0    Dex:  9    Spells: 9/9 levels left

rFire   . .          .
                       - Unarmed
rCold   . . .        (no shield)
rNeg    + . .        D - +2 robe {rN+}
rPois   .            (helmet currently unavailable)
rElec   .            (cloak currently unavailable)
rCorr   .            (gloves unavailable)
SInv    +            (boots unavailable)
Will    +....        (no amulet)
Stlth   +            j - +6 ring of intelligence
HPRegen 1.15/turn    u - ring of see invisible
MPRegen 0.11/turn

%: no passive effects
@: about to teleport, beast-form, gold aura, enlightened, flying, hasted,
studying Unarmed Combat, very quick
A: beast (slay +4), large, unfitting armour, claws 3, regeneration 1, shaggy fur
1, tough skin 1
a: Begin Untransformation, Renounce Religion, Potion Petition, Call Merchant,
Bribe Branch


You were on level 8 of the Dungeon.
You worshipped Gozag.
Gozag was most pleased with you.
You were a hulking beast.
You visited 1 branch of the dungeon, and saw 8 of its levels.
You also visited: Sewer.

You collected 1520 gold pieces.
You paid 482 gold pieces to Gozag.

Inventory:

Missiles
 a - 2 curare-tipped darts
 m - 7 boomerangs
 r - 52 poisoned darts
 y - a throwing net
 B - 5 javelins (quivered)
Armour
 D - a +2 robe of positive energy (worn)
 H - a +2 cloak of preservation
 L - a scarf of invisibility
Jewellery
 j - a +6 ring of intelligence (left claw)
 u - a ring of see invisible (right claw)
Talismans
 c - a beast talisman
 d - a flux talisman
 g - a storm talisman
Wands
 l - a wand of flame (45)
 p - a wand of paralysis (12)
 C - a wand of roots (2)
Scrolls
 f - 2 scrolls of revelation
 h - a scroll of immolation
 k - a scroll of fog
 o - 2 scrolls of blinking
 t - 2 scrolls of fear
 v - 4 scrolls of butterflies
 w - a scroll of poison
 I - a scroll of enchant armour {unknown}
 J - a scroll of enchant weapon {unknown}
 K - a scroll of teleportation
Potions
 b - a potion of lignification
 e - 7 potions of curing {unknown}
 i - 2 potions of cancellation {unknown}
 n - 4 potions of mutation
 q - 3 potions of might {unknown}
 s - a potion of ambrosia
 x - a potion of haste
 z - 3 potions of brilliance {unknown}
 A - 4 potions of heal wounds {unknown}
 E - 2 potions of invisibility {unknown}
 F - a potion of attraction
 G - 2 potions of resistance {unknown}


   Skills:
 + Level 4.5 Fighting
 - Level 2.0 Dodging
 * Level 14.2 Unarmed Combat
 - Level 7.3 Shapeshifting


You had 9 spell levels left.
You didn't know any spells.
Your spell library contained the following spells:

 Spells                   Type           Power      Damage    Failure   Level
 Magic Dart               Conj           0%         1d3       32%         1
 Searing Ray              Conj           0%         2d4       45%         2
 Fulminant Prism          Conj/Alch      0%         3d5       97%         4
 Passage of Golubria      Tloc           0%         N/A       97%         4
 Vhi's Electric Charge    Tloc/Air       0%         N/A       97%         4
 Arcjolt                  Conj/Air       0%         1d10      100%        5
 Silence                  Hex/Air        0%         N/A       100%        5
 Plasma Beam              Fire/Air       0%         2x1d10    100%        6
 Lehudib's Crystal Spear  Conj/Erth      0%         10d2      100%        8


Dungeon Overview and Level Annotations

Branches:
Dungeon (8/15)             Temple (0/1) D:4           Sewer (visited)
   Lair: D:8-11

Altars:
Dithmenos
Gozag
Nemelex Xobeh
Okawaru
Zin
The Shining One

Shops:
D:6 [


Innate Abilities, Weirdness & Mutations

You are a hulking beast.
Your limbs bulge with bestial killing power. (Slay +4)
You are too large for most types of armour.
You have claws for hands.
Your natural rate of healing is unusually fast.
You are covered in fur. (AC +1)
You have tough skin. (AC +1)


Message History

The wyvern closely misses you.
There is a stone staircase leading down here.
The wyvern bites you!
You claw the wyvern! You claw the wyvern.
The wyvern is heavily wounded.
The wyvern bites you but does no damage.
You closely miss the wyvern. You claw the wyvern!
The wyvern is severely wounded.
The wyvern bites you!
You mangle the wyvern!!
You kill the wyvern!
Okay, then.
As you read the scroll labelled FARPHYO NEUPP, it crumbles to dust.
You feel aware of your surroundings.
It was a scroll of revelation.
As you read the scroll labelled TEK QIQUNYWO, it crumbles to dust.
The creatures around you are filled with an inner flame!
It was a scroll of immolation.
As you read the scroll labelled UNAMMI ACAEPN, it dissolves into smoke.
It was a scroll of fog.
The red ugly thing gores you!
You are engulfed in flames!
Okay, then.
As you read the scroll labelled XUEHOW OTOEDO, it crumbles to dust.
You feel strangely unstable.
It was a scroll of teleportation.
The red ugly thing gores you!
* * * LOW HITPOINT WARNING * * *
You are engulfed in flames!
* * * LOW HITPOINT WARNING * * *
Unknown command.
Okay, then. [a] - 374 gold - lignification, might and resistance [b] - 450 gold - haste and enlightenment [c] - 208 gold - might and brilliance Purchase which effect?
You feel yourself speed up.
You feel very buoyant.
You fly up into the air.
The red ugly thing gores you.
* * * LOW HITPOINT WARNING * * *
You are engulfed in flames!!
You die...
Your body crumbles into a pile of gold.

#.# #.#.# ***########...#####
#.# #.#.###########.###...#....
#.# #.#.##########...##...#...§
#.# #.#.##.....##.°○§.#...#.○..
#.# #.#.##.....###☼.°##.⌠.#.§☼§
#.# #.#.##.....####.###...#☼☼☼.
##.###.#.##...§§########...#####
#........######§########'''#####
######.########h########...#
#.########u#########.##
#.########c####### #.# ##
#.########§#########.#####.
#.######..).....###......'.
#.##............###.######.
#..'............#.......#..
####.......C....#.#.#.#.#.#
#............#.#.###.#.#


You could see a red ugly thing (inner flame) and a centaur (inner flame).

Vanquished Creatures
  Pikel (D:5)
  Jeremiah (D:7)
  Prince Ribbit (D:7)
  Grinder (D:6)
  A vampire (D:5)
  2 steam dragons
  2 wyverns (D:8)
  Menkaure (D:4)
  A water moccasin (D:6)
  3 orc warriors
  A black bear (D:7)
  2 ice beasts (D:7)
  4 ogres
  5 kobold brigands
  A lemure (D:5)
  A bullfrog (D:7)
  2 scorpions
  3 wights (D:8)
  A howler monkey (D:6)
  4 bombardier beetles
  A gnoll bouda (D:6)
  4 jellies
  2 orc priests
  2 sleepcaps (D:5)
  2 iguanas
  6 orc wizards
  Natasha (thrice) (D:2)
  6 gnolls
  10 adders
  3 white imps
  2 ufetubi (D:6)
  A dart slug (D:5)
  2 ribbon worms
  26 orcs
  6 ball pythons
  4 endoplasms
  7 giant cockroaches
  4 goblins
  4 hobgoblins
  21 kobolds
  4 quokkas
  8 bats
  7 frilled lizards
  2 hobgoblin zombies (D:8)
  A kobold skeleton (D:8)
  2 kobold zombies (D:8)
  3 orc skeletons (D:8)
  3 orc zombies (D:8)
  10 rats
194 creatures vanquished.

Notes
Turn   | Place    | Note
-------+----------+-------------------------------------------
     0 | D:1      | mandarbmax the Troll Shapeshifter began the quest for the
                  | Orb.
     0 | D:1      | Reached XP level 1. HP: 18/18 MP: 0/0
   159 | D:1      | Reached skill level 1 in Fighting
   308 | D:1      | Reached XP level 2. HP: 27/27 MP: 1/1
  1045 | D:2      | Reached XP level 3. HP: 33/33 MP: 2/2
  1161 | D:2      | Reached skill level 4 in Unarmed Combat
  1324 | D:2      | Noticed Natasha
  1329 | D:2      | Killed Natasha
  1397 | D:2      | Reached XP level 4. HP: 41/41 MP: 3/3
  1407 | D:2      | Noticed Natasha
  1412 | D:2      | Killed Natasha
  1413 | D:2      | Reached skill level 5 in Unarmed Combat
  1541 | D:2      | Noticed Natasha
  1549 | D:2      | Killed Natasha
  1775 | D:3      | Reached XP level 5. HP: 38/48 MP: 4/4
  1787 | D:3      | Found an opulent altar of Gozag.
  1793 | D:3      | Became a worshipper of Gozag Ym Sagoz the Greedy
  2298 | D:4      | Found a staircase to the Ecumenical Temple.
  2402 | D:4      | Reached skill level 6 in Unarmed Combat
  2402 | D:4      | Reached XP level 6. HP: 42/55 MP: 5/5
  2731 | D:5      | Entered Level 5 of the Dungeon
  2741 | D:5      | Noticed Menkaure
  2774 | D:4      | Killed Menkaure
  2789 | D:5      | Reached skill level 7 in Unarmed Combat
  2789 | D:5      | Reached XP level 7. HP: 39/62 MP: 6/6
  2902 | D:5      | Noticed Pikel
  2921 | D:5      | Killed Pikel
  2922 | D:5      | Reached skill level 8 in Unarmed Combat
  2922 | D:5      | Reached skill level 5 in Shapeshifting
  2922 | D:5      | Reached XP level 8. HP: 47/70 MP: 7/7
  3006 | D:5      | Found a glowing drain.
  3010 | Sewer    | Entered a sewer
  3043 | Sewer    | Reached skill level 9 in Unarmed Combat
  3349 | D:5      | Identified a scroll of acquirement
  3351 | D:5      | Acquired a manual of Unarmed Combat
  3792 | D:5      | Reached skill level 10 in Unarmed Combat
  3947 | D:6      | Reached XP level 9. HP: 42/79 MP: 8/8
  4042 | D:6      | Reached skill level 11 in Unarmed Combat
  4078 | D:6      | Found an iron altar of Okawaru.
  4087 | D:6      | Found a shadowy altar of Dithmenos.
  4158 | D:6      | Found a glowing silver altar of Zin.
  4270 | D:6      | Found Nuakhliddi's Armour Shop.
  4399 | D:6      | Noticed Grinder
  4410 | D:6      | Killed Grinder
  5081 | D:7      | Reached skill level 12 in Unarmed Combat
  5187 | D:7      | Noticed Prince Ribbit
  5202 | D:7      | Killed Prince Ribbit
  5290 | D:7      | Noticed Jeremiah
  5315 | D:7      | Killed Jeremiah
  5316 | D:7      | Reached skill level 13 in Unarmed Combat
  5881 | D:8      | Found a glowing golden altar of the Shining One.
  5894 | D:8      | Reached XP level 10. HP: 62/90 MP: 9/9
  5988 | D:8      | Found Gahiuhos's Jewellery Emporium.
  6182 | D:8      | Found a sparkling altar of Nemelex Xobeh.
  6326 | D:8      | Reached skill level 14 in Unarmed Combat
  6882 | D:8      | Noticed a red ugly thing
  6882 | D:8      | Noticed a cyclops
  6882 | D:8      | Noticed a catoblepas
  6898 | D:8      | Demolished by a red ugly thing

Illustrated notes

Levels and vault maps discovered:
D:1:      psy_arrival_radial01, layout_loops_corners
D:2:      layout_basic, uniq_natasha
D:3:      layout_basic, grunt_gozag_statues
D:4:      layout_gridville, minmay_temple_entry_glass, minmay_misc_feat_roman
D:5:      layout_loops_ring, mainiacjoe_sewer_entry_somewhere_in_here_2,
          uniq_menkaure, uniq_pikel
D:6:      layout_cave_pods, mainiacjoe_overflow_24_doors,
          nicolae_overflow_squiral, serial_shops, shop, grunt_ministairs_9,
          dk_vineyard_1, uniq_grinder
D:7:      layout_loops_ring, serial_rivers, chequers_serial_rivers_large_b,
          chequers_serial_rivers_room_a, chequers_serial_rivers_small_b,
          chequers_serial_rivers_micro_e, chequers_serial_rivers_micro_a,
          uniq_jeremiah, uniq_prince_ribbit1
D:8:      minmay_blocky_corners, layout_basic, nemelex_altar_shiori,
          nicolae_tso_besieged_by_evil, serial_shops, nicolae_diamond_shop

Skill      XL: |  1  2  3  4  5  6  7  8  9 10 |
---------------+-------------------------------+-----
Fighting       | 1 2 4 |  4.5
Dodging        | 2 |  2.0
Unarmed Combat | 4 5 6 7 8 10 13 14 | 14.2
Shapeshifting  | 4 5 6 7 |  7.3

Action                     |  1- 3 |  4- 6 |  7- 9 | 10-12 || total
---------------------------+-------+-------+-------+-------++-------
  Melee: Unarmed           |    52 |    98 |   264 |    30 ||   444
         Punch             |       |     1 |    12 |     3 ||    16
  Throw: Boomerang         |       |     2 |       |       ||     2
         Javelin           |       |       |     6 |       ||     6
         Dart              |       |       |     2 |       ||     2
 Invoke: Potion Petition   |       |       |       |     1 ||     1
  Evoke: Wand              |       |       |     3 |       ||     3
    Use: Scroll            |       |       |    10 |     4 ||    14
   Stab: Paralysed         |       |       |     3 |       ||     3
         Distracted        |       |       |     2 |       ||     2
 Armour: Animal skin       |    29 |    52 |    20 |       ||   101
         Robe              |       |       |   117 |    21 ||   138
         Skin              |       |       |     1 |       ||     1
  Dodge: Dodged            |    19 |    40 |   116 |    14 ||   189
